 Dungeon Crawl Stone Soup version 0.31-a0-1-g4198be8 (webtiles) character file.

Game seed: 16948273624078336151

108 Nithhogg the Trooper (level 4, -2/41 HPs)
             Began as a Hill Orc Fighter on May 1, 2023.
             Slain by a river rat (5 damage)
             ... in a sewer.
             The game lasted 00:04:46 (2843 turns).

Nithhogg the Trooper (Hill Orc Fighter)             Turns: 2843, Time: 00:04:46

Health: -2/41      AC:  5    Str: 20    XL:     4   Next: 87%
Magic:  6/6        EV: 10    Int:  8    God:
Gold:   128        SH:  0    Dex: 10    Spells: 3/3 levels left

rFire   . . .        a - +0 war axe
rCold   . . .        (no shield)
rNeg    + . .        k - +0 ring mail {rN+}
rPois   .            (no helmet)
rElec   .            (no cloak)
rCorr   .            (no gloves)
SInv    .            (no boots)
Will    .....        (no amulet) Stlth
                     (no ring)
HPRegen 0.26/turn    (no ring)
MPRegen 0.10/turn

%: no passive effects
@: no status effects
A: no striking features
a: no special abilities


You were in a sewer.
You visited 1 branch of the dungeon, and saw 3 of its levels.
You also visited: Sewer.

You collected 128 gold pieces.

Inventory:

Hand Weapons
 a - a +0 war axe (weapon)
Armour
 b - a +0 scale mail
 c - a +0 buckler
 k - a +0 ring mail of positive energy (worn)
Wands
 m - a wand of charming (10)
Scrolls
 d - a scroll of teleportation
 f - a scroll of poison
 j - 2 scrolls of identify {unknown}
Potions
 g - a potion of degeneration {unknown}
 h - a potion of invisibility {unknown}
 i - a potion of cancellation {unknown}
 l - 2 potions of flight {unknown}


   Skills:
 + Level 4.5 Fighting
 + Level 3.9 Axes
 + Level 4.0 Armour
 - Level 3.2 Shields
 * Level 2.7 Invocations


You had 3 spell levels left.
You didn't know any spells.
Your spell library contained the following spells:

 Spells                   Type           Power      Damage    Failure   Level
 Cigotuvi's Dreadful Rot  Necr/Pois/Air  0%         N/A       71%         2
 Ignite Poison            Fire/Tmut/Pois 0%         N/A       91%         3
 Freezing Cloud           Conj/Ice/Air   0%         6-21      100%        5


Dungeon Overview and Level Annotations

Branches:
Dungeon (3/15)              Sewer (1/1)

Altars:
Qazlal

Shops:
D:3 [


Message History

The river rat is severely wounded.
The river rat bites you!
* * * LOW HITPOINT WARNING * * *
The river rat bites you.
* * * LOW HITPOINT WARNING * * *
You closely miss the river rat.
The river rat is severely wounded.
The river rat barely misses you.
You barely miss the river rat.
The river rat is severely wounded.
The river rat closely misses you.
You closely miss the river rat.
The river rat is severely wounded.
The river rat bites you.
* * * LOW HITPOINT WARNING * * *
The river rat bites you but does no damage.
It was a potion of curing.
You feel better. The river rat completely misses you.
You hit the river rat but do no damage.
The river rat is severely wounded.
The river rat misses you.
You closely miss the river rat.
The river rat is severely wounded.
The river rat bites you but does no damage.
You closely miss the river rat.
The river rat is severely wounded.
The river rat bites you.
* * * LOW HITPOINT WARNING * * *
You closely miss the river rat.
The river rat is severely wounded.
The river rat bites you but does no damage.
The river rat bites you!
* * * LOW HITPOINT WARNING * * *
You hit the river rat but do no damage.
The river rat is severely wounded.
The river rat barely misses you.
You barely miss the river rat.
The river rat is heavily wounded.
The river rat bites you.
You die...

.# . #. ###.##
...~~ .~~ ## #r##
#.###@# #.#.##
#..# ## ##.##
#.##.#.#
#.#†###.# ##.##
## ##.#†#
#########.#######


You could see a river rat.

Vanquished Creatures
  Terence (D:2)
  An adder (Sewer)
  A worm (D:3)
  2 dart slugs
  An orc (D:3)
  7 endoplasms
  7 giant cockroaches
  6 hobgoblins
  2 jackals (D:2)
  3 kobolds (D:1)
  2 quokkas
  5 ball pythons
  5 bats
  3 frilled lizards
  6 goblins
  8 rats
60 creatures vanquished.

Vanquished Creatures (others)
  6 fungi (D:1)
  7 plants (D:1)
13 creatures vanquished.

Grand Total: 73 creatures vanquished

Notes
Turn   | Place    | Note
-------+----------+-------------------------------------------
     0 | D:1      | Nithhogg the Hill Orc Fighter began the quest for the Orb.
     0 | D:1      | Reached XP level 1. HP: 19/19 MP: 1/1
   281 | D:1      | Reached skill level 1 in Invocations
   281 | D:1      | Reached XP level 2. HP: 26/27 MP: 2/2
   663 | D:1      | Reached XP level 3. HP: 30/33 MP: 4/4
   886 | D:1      | Found a faded altar of an unknown god.
  1286 | D:2      | Noticed Terence
  1296 | D:2      | Killed Terence
  1447 | D:2      | Reached XP level 4. HP: 36/40 MP: 5/5
  1486 | D:2      | Found a stormy altar of Qazlal.
  2203 | D:3      | Found Mougigin's Armour Emporium.
  2498 | D:3      | Found a glowing drain.
  2626 | Sewer    | Entered a sewer
  2841 | Sewer    | HP: 2/41 [river rat (7)]
  2843 | Sewer    | Slain by a river rat

Illustrated notes

Levels and vault maps discovered:
D:1:      kilobyte_arrival_exit_the_forest, layout_basic,
          shapermc_ecumenical_altar_mp_urbaneastern
D:2:      layout_basic, basic_altar, uniq_terence
D:3:      layout_rooms, serial_shops, shop, gup_sewer_entry_spiral
Sewer:    sewer_co_cracked_pipes

Skill      XL: |  1  2  3  4 |
---------------+-------------+-----
Axes           | 3 |  3.9
Invocations    | 1 2 |  2.7
Fighting       | 4 |  4.5
Armour         | 4 |  4.0
Shields        | |  3.2

Action                     |  1- 3 |  4- 6 || total
---------------------------+-------+-------++-------
  Melee: War axe           |    72 |   145 ||   217
    Use: Potion            |     1 |     1 ||     2
         Scroll            |       |     3 ||     3
   Stab: Distracted        |     1 |       ||     1
 Armour: Scale mail        |    30 |     3 ||    33
         Ring mail         |       |    53 ||    53
  Dodge: Dodged            |    35 |    89 ||   124

Table legend: (Time is in decaauts)
 A = Elapsed time spent in this place.
 B = Non-inter-level travel time spent in this place.
 C = Inter-level travel time spent in this place.
 D = Time resting spent in this place.
 E = Time spent auto-exploring this place.
 F = Levels seen in this place.
 G = Mean time per level.
                   A        B        C        D        E       F      G
               +--------+--------+--------+--------+--------+-----+--------+
         Total |   2977 |   2806 |    171 |      2 |   2281 |   4 |  744.2 |
       Dungeon |   2740 |   2569 |    171 |      2 |   2115 |   3 |  913.3 |
         Sewer |    237 |    237 |      0 |      0 |    165 |   1 |  237.0 |
               +--------+--------+--------+--------+--------+-----+--------+

Top non-repeatable levels by time:
     D:1: 1152 daAuts
     D:2: 1022 daAuts
     D:3: 564 daAuts
   Sewer: 237 daAuts
